AoeStats
← 378080739

Arena

510323916Analyzed
4v4 RM · 1d ago on Sep 30, 2026· 46m 45s· 8 players
Game mode
Random Map
Map size
Large (8 player)
Population
200
Speed
Normal
Resources
Standard
Victory
Conquest
Starting age
Dark Age
Ending age
Imperial Age
RankedLock teamsTeams togetherTeam positionsShared explorationLock speedFull tech treeHidden civsTurbo modeCheats
Victory
Defeat
🇨🇳 Bohemians · China
1066
+15
🇨🇳 Khmer · China
1051
+16
🇹🇼 Franks · Taiwan
986
+19
🇨🇳 Mongols · China
979
+19
🇬🇧 Bengalis · United Kingdom
1090
-19
🇺🇸 Celts · United States
1047
-17
🇨🇴 Persians · Colombia
1030
-17
🇩🇪 Franks · Germany
1016
-16
GoodLuck
0:29 Loom
13:20 Feudal Age
14:51 Wheelbarrow
13:56 Horse Collar
14:02 Double-Bit Axe
17:17 Castle Age
18:27 Hand Cart
18:15 Heavy Plow
18:27 Bow Saw
20:19 Forging
20:09 Scale Mail Armor
20:03 Man-at-Arms
20:47 Long Swordsman
21:56 Gambesons
22:17 Arson
26:37 Iron Casting
26:17 Chain Mail Armor
31:39 Pikeman
35:43 Gold Mining
41:33 Imperial Age
41:35 Two-Handed Swordsman
41:35 Halberdier
43:17 Blast Furnace
42:47 Plate Mail Armor
42:40 Conscription
Yogurtu Mghe
11:03 Feudal Age
15:22 Castle Age
14:07 Double-Bit Axe
14:11 Horse Collar
15:19 Loom
16:51 Wheelbarrow
16:24 Heavy Plow
24:46 Hand Cart
28:40 Imperial Age
27:30 Bow Saw
27:15 Gold Mining
27:16 Stone Mining
28:09 Fletching
28:20 Padded Archer Armor
28:31 Forging
28:21 Scale Mail Armor
28:27 Scale Barding Armor
28:57 Thumb Ring
28:12 Crossbowman
28:31 Pikeman
29:08 Bodkin Arrow
30:08 Ballistics
29:18 Halberdier
30:48 Crop Rotation
31:19 Kamandaran
32:54 Leather Archer Armor
33:15 Iron Casting
35:26 Ring Archer Armor
35:57 Blast Furnace
35:24 Chain Mail Armor
38:24 Chain Barding Armor
BGz x LH
10:20 Feudal Age
14:26 Castle Age
12:18 Double-Bit Axe
12:29 Horse Collar
15:30 Bow Saw
15:28 Heavy Plow
17:16 Loom
24:41 Wheelbarrow
25:48 Fletching
27:03 Bodkin Arrow
27:09 Padded Archer Armor
27:48 Hand Cart
31:26 Imperial Age
31:33 Imperial Age
30:14 Ballistics
32:38 Elite Elephant Archer
33:22 Bracer
33:40 Leather Archer Armor
34:33 Chemistry
34:11 Leather Archer Armor
36:39 Scale Barding Armor
37:05 Ring Archer Armor
39:40 Forging
39:50 Chain Barding Armor
40:14 Bloodlines
40:05 Husbandry
40:32 Pikeman
41:14 Squires
40:59 Arson
42:20 Iron Casting
41:46 Scale Mail Armor
41:34 Halberdier
42:59 Block Printing
44:30 Blast Furnace
Chronepsis
5:44 Loom
10:20 Feudal Age
11:25 Double-Bit Axe
18:17 Castle Age
16:30 Stone Mining
17:58 Fletching
18:08 Padded Archer Armor
19:39 Elite Skirmisher
20:43 Town Watch
23:15 Bodkin Arrow
26:30 Gold Mining
30:33 Imperial Age
29:51 Wheelbarrow
32:41 Cranequins
33:43 Squires
34:52 Ordonnance Companies
35:35 Pikeman
37:07 Husbandry
36:59 Halberdier
38:53 Conscription
40:05 Bow Saw
40:58 Chemistry
40:19 Ballistics
42:22 Leather Archer Armor
42:18 Forging
42:09 Scale Mail Armor
42:08 Heavy Mounted Crossbowman
378080739
0:29 Loom
11:57 Feudal Age
16:30 Castle Age
14:52 Double-Bit Axe
15:00 Stone Mining
16:08 Gold Mining
16:30 Horse Collar
19:38 Bow Saw
20:25 Heavy Plow
29:38 Imperial Age
28:25 Wheelbarrow
29:16 Gold Shaft Mining
30:04 Ballistics
29:42 Elite Ballista Elephant
30:31 Double Crossbow
31:23 Hand Cart
31:41 Conscription
32:37 Chemistry
44:40 Siege Engineers
45:05 Caravan
hrxexe
10:47 Feudal Age
12:10 Double-Bit Axe
14:50 Castle Age
13:55 Horse Collar
16:29 Bow Saw
20:03 Heavy Plow
22:17 Wheelbarrow
24:09 Hand Cart
28:03 Imperial Age
26:10 Loom
26:17 Gold Mining
26:20 Stone Mining
26:21 Town Watch
27:57 Forging
27:53 Scale Barding Armor
28:00 Town Patrol
29:35 Gold Shaft Mining
29:36 Stone Shaft Mining
29:35 Bloodlines
29:26 Husbandry
30:07 Iron Casting
29:53 Chain Barding Armor
29:50 Elite Steppe Lancer
30:55 Nomads
31:18 Conscription
30:58 Nomads
35:49 Blast Furnace
35:18 Fletching
35:28 Padded Archer Armor
35:35 Padded Archer Armor
36:26 Elite Mangudai
37:05 Bodkin Arrow
37:26 Leather Archer Armor
38:17 Light Cavalry
38:35 Capped Ram
39:54 Drill
40:10 Hoardings
39:41 Bracer
39:54 Siege Engineers
40:51 Chemistry
40:11 Ballistics
40:04 Masonry
40:07 Siege Engineers
40:13 Masonry
42:02 Hussar
44:44 Parthian Tactics
44:25 Thumb Ring
46:11 Siege Ram
47:32 Fortified Wall
MaxC
10:59 Feudal Age
9:15 Loom
12:32 Double-Bit Axe
15:14 Castle Age
13:42 Gold Mining
16:14 Bow Saw
16:48 Gold Shaft Mining
22:30 Wheelbarrow
23:45 Stone Mining
24:50 Scale Barding Armor
30:40 Imperial Age
28:30 Hand Cart
28:24 Husbandry
28:36 Forging
28:47 Chain Barding Armor
28:56 Scale Mail Armor
28:18 Pikeman
30:01 Iron Casting
32:10 Plate Barding Armor
31:00 Cavalier
31:42 Ordonnance Companies
32:43 Conscription
32:51 Fletching
33:03 Padded Archer Armor
32:46 Paladin
35:01 Blast Furnace
33:42 Heavy Mounted Crossbowman
34:55 Bodkin Arrow
34:54 Cranequins
36:40 Leather Archer Armor
36:48 Caravan
39:05 Chain Mail Armor
39:53 Chemistry
39:15 Ballistics
38:36 Treadmill Crane
39:03 Siege Engineers
47:40 Plate Mail Armor
King Bourbon
11:10 Feudal Age
16:21 Castle Age
14:51 Double-Bit Axe
19:07 Chemistry
19:25 Fervor
24:19 Padded Archer Armor
25:13 Sanctity
25:12 Loom
29:50 Bow Saw
33:17 Imperial Age
35:40 Town Watch
36:32 Wheelbarrow
38:09 Hand Cart
40:59 Two-Man Saw
Connection lost

Rejoining the realm…

Still unreachable

The connection could not be restored.

Session expired

The server has moved on; the page needs a fresh start.